 Dungeon Crawl Stone Soup version 0.28-b1-25-g9875b3fc8c (webtiles) character file.

Game seed: 2862940383742264085

23 sanka the Sneak (level 3, -2/20 HPs)
             Began as a Tengu Enchanter on Feb 5, 2022.
             Slain by Jessica (3 damage)
             ... on level 2 of the Dungeon.
             The game lasted 00:00:54 (1120 turns).

sanka the Sneak (Tengu Enchanter)                   Turns: 1120, Time: 00:00:55

Health: -2/20      AC:  2    Str:  8    XL:     3   Next: 0%
Magic:  7/7        EV: 13    Int: 17    God:
Gold:   63         SH:  0    Dex: 14    Spells: 6/6 levels left

rFire   . . .      SeeInvis .   a - +1 dagger
rCold   . . .      Faith    .   (no shield)
rNeg    . . .      Spirit   .   b - +0 robe
rPois   .          Reflect  .   (helmet restricted)
rElec   .          Harm     .   (no cloak)
rCorr   .          Rampage  .   (no gloves)
Will    .....                   (boots unavailable)
Stlth   ++........              (no amulet)
HPRegen 0.06/turn               (no ring)
MPRegen 0.10/turn               (no ring)

@: no status effects
A: beak, talons 3
a: no special abilities


You were on level 2 of the Dungeon.
You visited 1 branch of the dungeon, and saw 2 of its levels.

You collected 63 gold pieces.

Inventory:

Hand Weapons
 a - a +1 dagger (weapon)
Armour
 b - a +0 robe (worn)
Scrolls
 d - a scroll of fog {unknown}
 g - a scroll of enchant armour {unknown}
Potions
 c - a potion of invisibility
 e - a potion of might {unknown}
 f - a potion of ambrosia {unknown}


   Skills:
 + Level 1.6 Fighting
 - Level 1.1 Short Blades
 + Level 3.0 Dodging
 - Level 3.0 Stealth
 - Level 2.0 Spellcasting
 - Level 2.1 Hexes


You had 6 spell levels left.
You didn't know any spells.
Your spell library contained the following spells:

 Spells                   Type           Power      Damage    Failure   Level
 Animate Skeleton         Necr           2%         N/A       19%         1
 Pain                     Necr           4%         1d4       19%         1
 Ensorcelled Hibernation  Hex/Ice        10%        N/A       19%         2
 Confusing Touch          Hex            9%         N/A       24%         3
 Tukima's Dance           Hex            9%         N/A       24%         3
 Dazzling Flash           Conj/Hex       10%        N/A       36%         3
 Vampiric Draining        Necr           1%         2d6       50%         3


Dungeon Overview and Level Annotations

Branches:
Dungeon (2/15)

Altars:

Annotations:
D:2 Jessica


Innate Abilities, Weirdness & Mutations

You have a beak for a mouth.
You have claws for feet.


Message History

Increase (S)trength, (I)ntelligence, or (D)exterity?
You feel clever. x2
Unknown command.
Done exploring.
Done exploring.
Done exploring.
Done exploring.
Search for what [? for help]?
Okay, then.
There is an open door here.
There is an open door here.
There is a stone staircase leading down here.
You climb downwards.
There is a stone staircase leading up here.
Unknown command.
Found a stone staircase leading up.
Found a stone staircase leading up.
Jessica the Apprentice Sorceress comes into view.
She is wielding a +0 dagger and wearing a +2 robe of cold resistance.
Jessica is nearby!
There is a stone staircase leading up here.
You hit Jessica but do no damage. You claw Jessica, but do no damage.
Your peck misses Jessica. Jessica hits you with a +0 dagger.
You hit Jessica but do no damage. Your kick misses Jessica.
Jessica hits you with a +0 dagger.
You hit Jessica but do no damage. Jessica gestures at you while chanting.
You resist with some effort.
You hit Jessica but do no damage. You peck Jessica, but do no damage.
Jessica closely misses you.
You barely miss Jessica. Your peck misses Jessica.
Jessica completely misses you.
You hit Jessica but do no damage. You claw Jessica, but do no damage.
Jessica points at you and mumbles some strange words.
Pain shoots through your body!
Ouch! That really hurt!
* * * LOW HITPOINT WARNING * * *
You hit Jessica but do no damage. You claw Jessica.
Jessica is lightly wounded.
Jessica hits you with a +0 dagger.
You die...

#.<....#
###.#### #..
##.####.....
##.......# .#
#....##### .#
..<...#.## .#
#######..####
.#
##....##.####
####..@@...#
#.......#
#.......#
#.......#
#.......#
#.......#
#########


You could see Jessica.

Vanquished Creatures
  2 dart slugs (D:1)
  3 ball pythons (D:1)
  A bat (D:1)
  A giant cockroach (D:1)
  A goblin (D:1)
  2 hobgoblins (D:1)
  3 kobolds (D:1)
  A quokka (D:1)
  A frilled lizard (D:1)
  3 rats (D:1)
18 creatures vanquished.

Notes
Turn   | Place    | Note
-------+----------+-------------------------------------------
     0 | D:1      | sanka the Tengu Enchanter began the quest for the Orb.
     0 | D:1      | Reached XP level 1. HP: 10/10 MP: 4/4
   142 | D:1      | Reached skill level 1 in Fighting
   142 | D:1      | Reached XP level 2. HP: 12/16 MP: 6/6
  1047 | D:1      | Reached XP level 3. HP: 20/20 MP: 7/7
  1107 | D:2      | Noticed Jessica
  1119 | D:2      | HP: 1/20 [Jessica/nerve-wracking pain (12)]
  1120 | D:2      | Slain by Jessica

Illustrated notes

Levels and vault maps discovered:
D:1:      ncdulo_watergridlock, layout_loops_corners
D:2:      layout_rooms, serial_bayou_pond_d, minmay_heptomino_l4, uniq_jessica

Skill      XL: |  1  2 |
---------------+-------+-----
Fighting       | 1 |  1.6
Dodging        | 3 |  3.0
Short Blades   | |  1.1
Stealth        | |  3.0
Spellcasting   | |  2.0
Hexes          | |  2.1

Action                   || total
-------------------------++-------
Melee: Dagger            ||    49
       Kick              ||    15
       Peck              ||     5
 Stab: Sleeping          ||     6
Armor: Robe              ||     4
Dodge: Dodged            ||    23
